 Dungeon Crawl Stone Soup version 0.30-a0-883-g5ad918d77d (webtiles) character file.

Game seed: 8492827835026230150

4550 Selderis the Grappler (level 10, -4/156 HPs)
             Began as a Troll Berserker on Mar 18, 2023.
             Was an Elder of Trog.
             Slain by a gargoyle
             ... wielding a +0 morningstar
              (13 damage)
             ... on level 9 of the Dungeon.
             The game lasted 00:09:37 (6836 turns).

Selderis the Grappler (Troll Berserker)             Turns: 6836, Time: 00:09:38

Health: -4/156     AC:  5    Str: 31    XL:     10   Next: 17%
Magic:  9/9        EV: 11    Int:  9    God:    Trog [****..]
Gold:   668        SH:  0    Dex:  9    Spells: 9/9 levels left

rFire   + . .      SeeInvis .      - Unarmed
rCold   . . .      Faith    .    (no shield)
rNeg    . . .      Spirit   .    B - +0 robe {Will+}
rPois   .          Reflect  .    (helmet restricted)
rElec   .          Rampage  .    u - +0 cloak
rCorr   .                        (gloves unavailable)
Will    +++..                    (boots unavailable) Stlth
                                 (no amulet)
HPRegen 2.26/turn                o - ring of protection from fire
MPRegen 0.11/turn                x - +6 ring of intelligence

@: berserking, strong-willed, regenerating, very quick
A: large, unfitting armour, claws 3, regeneration 1, shaggy fur 1, tough skin 1
a: Renounce Religion, Berserk, Trog's Hand, Brothers in Arms


You were on level 9 of the Dungeon.
You worshipped Trog.
Trog was greatly pleased with you.
You visited 2 branches of the dungeon, and saw 10 of its levels.
You also visited: Ossuary.

You collected 668 gold pieces.

Inventory:

Hand Weapons
 t - a +0 hand axe of flaming
Armour
 k - a +2 robe of cold resistance
 u - a +0 cloak (worn)
 B - a +0 robe of willpower (worn)
Jewellery
 o - a ring of protection from fire (left claw)
 x - a +6 ring of intelligence (right claw)
Wands
 m - a wand of paralysis (10)
 s - a wand of polymorph (7)
Scrolls
 j - 2 scrolls of teleportation
 r - 2 scrolls of fear
 A - a scroll of silence
Potions
 a - 3 potions of heal wounds
 b - 9 potions of curing
 c - 2 potions of haste
 d - 3 potions of berserk rage
 e - 5 potions of brilliance
 f - 2 potions of lignification
 g - a potion of invisibility {unknown}
 h - 5 potions of flight {unknown}
 i - 3 potions of mutation {unknown}
 l - 7 potions of attraction {unknown}
 n - a potion of degeneration {unknown}
 p - 2 potions of cancellation {unknown}
 q - a potion of might {unknown}
 z - 2 potions of ambrosia {unknown}


   Skills:
 + Level 7.6 Fighting
 + Level 7.7 Dodging
 + Level 9.2 Unarmed Combat


You had 9 spell levels left.
You didn't know any spells.
Your spell library was empty.

Dungeon Overview and Level Annotations

Branches:
Dungeon (9/15)             Temple (1/1) D:4         Ossuary (visited)
   Lair: D:8-11         Orc: D:9-12

Altars:
Ashenzari
Cheibriados
Dithmenos
Elyvilon
Gozag
Hepliaklqana
Kikubaaqudgha
Makhleb
Nemelex Xobeh
Okawaru
Qazlal
Ru
Sif Muna
Trog
Uskayaw
Vehumet
Wu Jian
Xom
Yredelemnul
Zin
The Shining One

Shops:
D:5 *

Annotations:
D:7 1 runed translucent door, Lobster4's ghost, amateur TrEE
D:8 4 transporters
D:9 1 runed translucent door


Innate Abilities, Weirdness & Mutations

You are too large for most types of armour.
You have claws for hands.
Your natural rate of healing is unusually fast.
You are covered in fur. (AC +1)
You have tough skin. (AC +1)


Message History

The wyvern attacks as you move away! The wyvern completely misses you.
The wyvern bites you! The wyvern attacks as you move away!
The wyvern bites you! The wyvern barely misses you.
Your skin crawls.
You feel strong-willed. The wyvern barely misses you.
A red film seems to cover your vision as you go berserk!
You feel yourself moving faster!
You feel mighty! The wyvern closely misses you. The wyvern barely misses you.
You claw the wyvern!
The wyvern is moderately wounded.
You claw the gargoyle! You claw the gargoyle.
The gargoyle is heavily damaged.
The wyvern barely misses you.
The gargoyle hits you with a +0 morningstar!
* * * LOW HITPOINT WARNING * * *
You barely miss the gargoyle.
The gargoyle is heavily damaged.
The wyvern bites you!
* * * LOW HITPOINT WARNING * * *
You barely miss the wyvern.
The wyvern is moderately wounded.
The gargoyle hits you with a +0 morningstar!
* * * LOW HITPOINT WARNING * * *
The wyvern closely misses you.
You claw the wyvern!
The wyvern is heavily wounded.
You mangle the wyvern!!
You kill the wyvern!
Trog accepts your kill.
The gargoyle hurls a stone arrow at you.
The stone arrow hits you!
* * * LOW HITPOINT WARNING * * *
The yak completely misses you.
Unknown command.
You claw the gargoyle!
The gargoyle is severely damaged.
The gargoyle hits you with a +0 morningstar!
You die...

#..........#
#...#####..#
#..........#
#..........#
#..........#
+..........#
#..######..#
#..........#
#.@........#
#9YY.......#
#..........#
#..........#
#.....####.#
#.....####.#
#..........#
#..........#
########..........#


You could see 2 yaks and a gargoyle.

Vanquished Creatures
  Pikel (D:8)
  A slime creature (D:9)
  A shadow (D:9)
  A wraith (D:9)
  2 wyverns
  A steam dragon (D:8)
  2 water moccasins (D:7)
  Duvessa (D:4)
  3 orc warriors
  A black bear (D:7)
  2 sky beasts (D:6)
  2 ice beasts
  2 ogres (D:6)
  A phantom (D:6)
  A centaur (D:7)
  A kobold brigand (D:6)
  3 bullfrogs
  5 scorpions
  3 wights (D:8)
  Dowan (D:4)
  5 howler monkeys
  4 jellies
  An orc priest (D:5)
  A sleepcap (D:6)
  6 hounds
  3 iguanas (D:5)
  5 orc wizards
  8 mummies (Ossuary)
  3 gnolls (D:6)
  9 adders
  2 shadow imps
  3 white imps
  3 dart slugs
  22 orcs
  8 endoplasms
  6 giant cockroaches
  2 gnoll zombies (Ossuary)
  14 goblins
  7 hobgoblins
  6 quokkas
  8 ball pythons
  5 bats
  3 frilled lizards
  11 kobolds
  3 kobold zombies (Ossuary)
  3 orc zombies (Ossuary)
  8 rats
194 creatures vanquished.

Notes
Turn   | Place    | Note
-------+----------+-------------------------------------------
     0 | D:1      | Selderis the Troll Berserker began the quest for the Orb.
     0 | D:1      | Reached XP level 1. HP: 22/22 MP: 0/0
   106 | D:1      | Reached XP level 2. HP: 26/29 MP: 1/1
   293 | D:1      | Reached ** piety under Trog
   335 | D:1      | Reached XP level 3. HP: 35/36 MP: 2/2
   751 | D:2      | Found a hide-covered altar of Uskayaw.
  1025 | D:2      | Reached XP level 4. HP: 45/45 MP: 3/3
  1483 | D:3      | Found a basalt altar of Yredelemnul.
  1490 | D:3      | Found a snail-covered altar of Cheibriados.
  1495 | D:3      | Found an ornate altar of the Wu Jian Council.
  1802 | D:4      | Reached skill level 4 in Unarmed Combat
  1829 | D:4      | Found a staircase to the Ecumenical Temple.
  1847 | D:4      | Reached XP level 5. HP: 50/53 MP: 4/4
  1850 | Temple   | Entered the Ecumenical Temple
  1909 | D:4      | Reached *** piety under Trog
  2135 | D:4      | Noticed Dowan
  2136 | D:4      | Noticed Duvessa
  2165 | D:4      | Killed Duvessa
  2166 | D:4      | Reached XP level 6. HP: 52/62 MP: 5/5
  2170 | D:4      | Killed Dowan
  2220 | D:4      | Reached skill level 5 in Unarmed Combat
  2576 | D:5      | Entered Level 5 of the Dungeon
  2593 | D:5      | Reached XP level 7. HP: 69/70 MP: 6/6
  2774 | D:5      | Identified the +0 buckler of the Zebra {rPois rC- Will+
                  | Regen+}
  3395 | D:5      | Found Yseceu's General Store.
  3415 | D:5      | Reached skill level 5 in Dodging
  3415 | D:5      | Reached skill level 6 in Unarmed Combat
  3586 | D:6      | Reached skill level 5 in Fighting
  3586 | D:6      | Reached XP level 8. HP: 80/80 MP: 7/7
  3666 | D:6      | Reached **** piety under Trog
  3765 | D:6      | Reached skill level 7 in Unarmed Combat
  4081 | D:6      | Identified the +2 robe of the Earth {Str+2}
  4537 | D:7      | Reached XP level 9. HP: 57/89 MP: 8/8
  5022 | D:7      | Found a hazy altar of Hepliaklqana.
  5048 | D:7      | Found a runed translucent door.
  5053 | D:7      | Noticed Lobster4's ghost (amateur TrEE)
  5334 | D:8      | Found an opulent altar of Gozag.
  5399 | D:8      | Reached skill level 8 in Unarmed Combat
  5532 | D:8      | Found a shimmering altar of Xom.
  5600 | D:8      | Found a sand-covered staircase.
  5610 | Ossuary  | Entered an ossuary
  6083 | D:8      | Found a transporter.
  6097 | D:8      | Noticed Pikel
  6106 | D:8      | Killed Pikel
  6134 | D:8      | Found a transporter.
  6194 | D:8      | Found a transporter.
  6547 | D:8      | Found a transporter.
  6659 | D:9      | Reached XP level 10. HP: 95/102 MP: 9/9
  6665 | D:9      | Reached skill level 9 in Unarmed Combat
  6815 | D:9      | Noticed a gargoyle
  6816 | D:9      | Found a runed translucent door.
  6835 | D:9      | HP: 7/153 [gargoyle/stone arrow (16)]
  6836 | D:9      | Slain by a gargoyle

Illustrated notes

Levels and vault maps discovered:
D:1:      minmay_arrival_nine_rooms, layout_loops_ring
D:2:      layout_rooms, basic_altar, kennysheep_potato
D:3:      layout_basic, minmay_overflow_temple_star_quad
D:4:      minmay_diamond_boxcup, layout_basic,
          minmay_temple_entry_statues_fountains, hex_large, uniq_duvessa
D:5:      layout_gridville, serial_shops, kennysheep_little_box
D:6:      layout_loops_ring, minmay_misc_feat_x
D:7:      layout_basic, mainiacjoe_overflow_alcove_1,
          ebering_ghost_reflecting_pool
D:8:      layout_basic, dk_xom_monty_hall, nicolae_gozag_seed_capital,
          enter_ossuary_3, nicolae_transporter_intersection, uniq_pikel
D:9:      layout_stronghold, ebering_ghost_reflecting_pool,
          hangedman_abyss_or_decor_clamps
Temple:   nicolae_temple_no_exploring_needed

Skill      XL: |  1  2  3  4  5  6  7  8  9 10 |
---------------+-------------------------------+-----
Dodging        | 3 4 5 6 7 |  7.7
Fighting       | 3 4 5 6 7 |  7.6
Unarmed Combat | 4 5 6 7 8 9 |  9.2

Action                     |  1- 3 |  4- 6 |  7- 9 | 10-12 || total
---------------------------+-------+-------+-------+-------++-------
  Melee: Unarmed           |    93 |   125 |   370 |    24 ||   612
         Punch             |     1 |     4 |    16 |     2 ||    23
 Invoke: Trog's Hand       |       |     1 |       |     1 ||     2
         Berserk           |       |       |       |     1 ||     1
    Use: Scroll            |     2 |     8 |     7 |       ||    17
   Stab: Sleeping          |     1 |     1 |       |       ||     2
 Armour: Animal skin       |    28 |       |       |       ||    28
         Robe              |       |    30 |   103 |     1 ||   134
  Dodge: Dodged            |    40 |    63 |   151 |    19 ||   273

Table legend: (Time is in decaauts)
 A = Elapsed time spent in this place.
 B = Non-inter-level travel time spent in this place.
 C = Inter-level travel time spent in this place.
 D = Time resting spent in this place.
 E = Time spent auto-exploring this place.
 F = Levels seen in this place.
 G = Mean time per level.
                   A        B        C        D        E       F      G
               +--------+--------+--------+--------+--------+-----+--------+
         Total |   6768 |   6348 |    420 |    112 |   4939 |  11 |  615.3 |
       Dungeon |   6558 |   6138 |    420 |    112 |   4800 |   9 |  728.7 |
        Temple |      1 |      1 |      0 |      0 |      0 |   1 |    1.0 |
       Ossuary |    208 |    208 |      0 |      0 |    139 |   1 |  208.0 |
               +--------+--------+--------+--------+--------+-----+--------+

Top non-repeatable levels by time:
     D:8: 1035 daAuts
     D:6: 867 daAuts
     D:5: 848 daAuts
     D:7: 844 daAuts
     D:4: 816 daAuts
     D:1: 682 daAuts
     D:3: 621 daAuts
     D:2: 584 daAuts
     D:9: 259 daAuts
 Ossuary: 208 daAuts
  Temple: 1 daAuts
